 Dungeon Crawl Stone Soup version 0.31-a0-846-gb3bcc0d938 (webtiles) character file.

Game seed: 5028629769116465182

64631 DocEon the Warrior (level 14, -16/102 (140) HPs)
             Began as a Minotaur Fighter on Oct 4, 2023.
             Was the Champion of Ru.
             Demolished by Donald
             ... wielding a +3 broad axe of draining
              (20 damage)
             ... on level 2 of the Orcish Mines.
             The game lasted 00:25:53 (18097 turns).

DocEon the Warrior (Minotaur Fighter)              Turns: 18097, Time: 00:25:54

HP:   -16/102 (140) AC: 18    Str: 26    XL:     14   Next: 72%
MP:   9/13          EV: 14    Int:  8    God:    Ru [******]
Gold: 1414          SH:  5    Dex: 10    Spells: 13/13 levels left

rFire   . . .        k - +8 whip of Bodily Humours {elec, rC++ Will- Int+3}
rCold   + + .        c - +0 buckler
rNeg    . . .        b - +4 chain mail {rPois}
rPois   +            (helmet restricted)
rElec   .            I - scarf {rC+ rF+}
rCorr   .            m - +2 pair of gloves
SInv    .            J - +0 pair of boots
Will    .....        A - amulet of regeneration Stlth
                     S - +4 ring of slaying
HPRegen 1.17/turn    R - ring of poison resistance
MPRegen 0.13/turn

%: no passive effects
@: exhausted, hasted, very heavily drained, very quick
A: horns 2, no stealth, hated by all, no earth magic, no hexes magic, no
translocations magic, reduced AC 1, temperature sensitive, retaliatory headbutt
a: Renounce Religion, Draw Out Power, Power Leap, Apocalypse


You were on level 2 of the Orcish Mines.
You worshipped Ru.
Ru was exalted by your worship.
You visited 3 branches of the dungeon, and saw 19 of its levels.
You also visited: Bailey.

You collected 1722 gold pieces.
You spent 308 gold pieces at shops.

Inventory:

Hand Weapons
 a - a +0 flail
 k - the +8 whip of Bodily Humours (weapon) {elec, rC++ Will- Int+3}
   (You found it on level 3 of the Dungeon)

   Int+3:     It affects your intelligence (+3).
   rC++:      It greatly protects you from cold.
   Will-:     It decreases your willpower.
Missiles
 C - 2 throwing nets
Armour
 b - a +4 chain mail of poison resistance (worn)
 c - a +0 buckler (worn)
 m - a +2 pair of gloves (worn)
 y - a +3 scale mail of fire resistance
 I - a scarf of resistance (worn)
 J - a +0 pair of boots (worn)
Jewellery
 e - an amulet of guardian spirit
 i - an amulet of magic regeneration
 l - a ring of resist corrosion
 n - a +6 ring of dexterity
 s - a ring of see invisible
 v - a ring of protection from cold
 A - an amulet of regeneration (around neck)
 G - a +6 ring of intelligence
 M - a ring of magical power
 O - an amulet of the acrobat
 R - a ring of poison resistance (right hand)
 S - a +4 ring of slaying (left hand)
Wands
 B - a wand of roots (31)
 E - a wand of digging (15)
 F - a wand of quicksilver (27)
 N - a wand of polymorph (7)
 T - a wand of flame (9)
Scrolls
 j - 2 scrolls of enchant weapon
 p - 7 scrolls of teleportation
 r - 5 scrolls of vulnerability
 u - 3 scrolls of revelation
 w - a scroll of fog
 H - 8 scrolls of identify
 K - 2 scrolls of fear
 L - a scroll of immolation
 P - 2 scrolls of poison
 U - a scroll of amnesia
Potions
 d - 4 potions of might
 f - 6 potions of curing
 g - 3 potions of attraction
 h - 3 potions of mutation
 o - 4 potions of heal wounds
 q - 5 potions of haste
 t - 2 potions of cancellation
 x - a potion of invisibility
 z - a potion of berserk rage
 D - a potion of ambrosia
 Q - a potion of lignification
 V - a potion of resistance


   Skills:
 + Level 17.2 Fighting
 - Level 12.0 Maces & Flails
 + Level 17.0 Armour
 + Level 15.3 Dodging
 - Level 5.0 Shields


You had 13 spell levels left.
You didn't know any spells.
Your spell library contained the following spells:

 Spells                   Type           Power      Damage    Failure   Level
 Freeze                   Ice            0%         1d3       83%         1
 Frozen Ramparts          Ice            0%         1d1       99%         3
 Hailstorm                Conj/Ice       0%         3d3       99%         3
 Ignite Poison            Fire/Tmut/Pois 0%         N/A       99%         3
 Sticky Flame             Conj/Fire      0%         2d3       100%        4
 Alistair's Intoxication  Tmut/Pois      0%         N/A       100%        5
 Eringya's Noxious Bog    Tmut/Pois      0%         4d6       100%        6
 Ignition                 Fire           0%         3d3       100%        8
 Borgnjor's Vile Clutch   Necr/Erth      Unusable   N/A       N/A         5

Dungeon Overview and Level Annotations

Branches:
Dungeon (12/15)            Temple (0/1) D:5            Lair (5/5) D:8
 Shoals (0/4) Lair:3        Snake (0/4) Lair:3        Slime (0/5) Lair:5
    Orc (2/2) D:10            Elf (0/3) Orc:2        Bailey (visited)

Altars:
Ashenzari
Dithmenos
Nemelex Xobeh
Qazlal
Ru
Vehumet
Xom

Shops:
D:2 :   D:3 (   D:4 (   Orc:2 :!**

Annotations:
D:2 1 runed translucent door, Crazy Yiuf
D:4 3 runed translucent doors, Saladfork's ghost, amateur MeFi
D:7 2 runed translucent doors
D:8 3 runed translucent doors
Orc:2 Donald


Innate Abilities, Weirdness & Mutations

You have a pair of horns on your head.
You cannot be stealthy.
You are hated by all.
You cannot study or cast Earth magic.
You cannot study or cast Hexes magic.
You cannot study or cast Translocations magic.
You take slightly more damage. (AC -5)
You are sensitive to extremes of temperature. (rF-, rC-)
You reflexively headbutt those who attack you in melee.


Message History

You whack the two-headed ogre!
The two-headed ogre is almost dead.
Donald hits you with a +3 broad axe of draining.
You feel drained.
You whack the two-headed ogre!
Lightning courses through the two-headed ogre!
You kill the two-headed ogre!
A two-headed ogre comes into view.
It is wielding a +0 giant spiked club and a +0 giant club.
Your Armour skill increases to level 17!
You whack Donald! Lightning courses through Donald!
Donald is severely wounded.
Donald blocks your attack.
Your headbutt misses Donald.
Donald is severely wounded.
Donald hits you with a +3 broad axe of draining!
* * * LOW HITPOINT WARNING * * *
You feel drained.
* * * LOW HITPOINT WARNING * * *
Okay, then.
Okay, then.
Okay, then.
You feel much better.
Donald says, "Missing something?"
Donald hits you with a +3 broad axe of draining!!
* * * LOW HITPOINT WARNING * * *
You feel drained.
* * * LOW HITPOINT WARNING * * *
You feel much better. Donald closely misses you.
Donald says, "This is such a pointless quest."
Donald attacks as he pursues you! Donald hits you but does no damage.
You feel drained.
You redirect the two-headed ogre's attack!
The two-headed ogre hits Donald with a +0 giant spiked club!
Donald blocks the two-headed ogre's attack.
Donald says, "I hate existential doubt."
Donald attacks as he pursues you!
Donald hits you with a +3 broad axe of draining!!!
* * * LOW HITPOINT WARNING * * *
You feel drained.
You die...
Donald says, "I won.
I... don't hate that."

.....##......##)..)#.<...## #
....#........#[.........## #
...#........#).#.#......##
#..#........#....#.......#
#..#........#.....).....## ##
###..#........#..)...##....###
.###.#......∩∩....O.....#....##.#
..#..)...)))∩∩)..@......#...#....
.#......#.......@#..............#
........#........#..##.##......##
........#........#..#######.#.##
.)......#........#..# #####
.#......#........#...
.#####..##......##..##
#)####..##......##..#
)).)##..###....# #.. #))))....


You could see Donald (fast, strong) and a two-headed ogre (distracted).

Vanquished Creatures
  Jorgrun (Orc:2)
  An orc warlord (Orc:2)
  A quicksilver ooze (Lair:4)
  Azrael (Orc:2)
  A hydra (Lair:5)
  3 ogre magi (Orc:2)
  3 boulder beetles
  2 catoblepae (Lair:2)
  Erica (D:9)
  15 two-headed ogres
  2 death yaks (Lair:3)
  Nergalle (D:10)
  Urug (D:10)
  A skyshark (Lair:4)
  An orc knight (Bailey)
  An orc sorcerer (Orc:2)
  2 manticores
  A cyclops (Orc:2)
  7 centaur zombies (D:11)
  An eye of devastation (Lair:5)
  8 black mambas
  11 cane toads
  2 torpor snails
  Psyche (D:10)
  7 komodo dragons
  2 kobold demonologists
  11 polar bears
  A troll (Orc:2)
  A wind drake (Lair:3)
  4 dream sheep (Lair:3)
  24 blink frogs
  4 raiju (Lair:5)
  5 slime creatures
  3 shadows
  3 wraiths (D:11)
  Sigmund (D:4)
  20 yaks
  7 wyverns
  3 vampires
  3 fire elementals (Orc:2)
  A steam dragon (Lair:2)
  3 basilisks
  2 nagas (Lair:3)
  7 wargs
  An acid dragon (D:10)
  13 water moccasins
  13 hell hounds
  A floating eye (Lair:5)
  2 ice beasts
  16 orc warriors
  2 sky beasts (D:7)
  12 black bears
  26 ogres
  22 wolves
  4 centaurs
  3 phantoms
  7 kobold brigands
  7 bullfrogs
  A gnoll sergeant (D:9)
  4 wights (D:7)
  19 killer bees
  3 electric eels (Lair:1)
  4 howler monkeys
  A lava snake (D:10)
  A hound (D:5)
  3 gnoll boudas
  5 orc priests
  7 jellies
  Ijyb (D:4)
  2 iguanas
  10 orc wizards
  2 howler monkey zombies (D:11)
  16 gnolls
  2 adders
  2 shadow imps
  3 white imps
  4 worms
  33 orcs
  5 bats
  10 endoplasms
  A giant cockroach (D:1)
  5 goblins
  10 hobgoblins
  3 jackals
  A quokka (D:1)
  6 ball pythons
  5 frilled lizards
  26 kobolds
  6 rats
511 creatures vanquished.

Vanquished Creatures (others)
  Sonja (D:10)
  A cane toad (Lair:5)
  A komodo dragon (Lair:5)
  A blink frog (Lair:1)
4 creatures vanquished.

Grand Total: 515 creatures vanquished

Notes
Turn   | Place    | Note
-------+----------+-------------------------------------------
     0 | D:1      | DocEon the Minotaur Fighter began the quest for the Orb.
     0 | D:1      | Reached XP level 1. HP: 19/19 MP: 0/0
   178 | D:1      | Reached XP level 2. HP: 26/26 MP: 1/1
   835 | D:2      | Found a runed translucent door.
   836 | D:2      | Noticed Crazy Yiuf
   909 | D:2      | Found a shimmering altar of Xom.
   962 | D:2      | Reached XP level 3. HP: 31/31 MP: 2/2
  1024 | D:2      | Noticed a phantom
  1034 | D:2      | Killed a phantom
  1035 | D:2      | Reached skill level 5 in Maces & Flails
  1035 | D:2      | Reached XP level 4. HP: 26/39 MP: 3/3
  1054 | D:2      | Found a sacrificial altar of Ru.
  1138 | D:2      | Became a worshipper of Ru the Awakened
  1288 | D:2      | Found Toalih's Book Shop.
  1954 | D:3      | Noticed a bullfrog
  1962 | D:3      | Killed a bullfrog
  1963 | D:3      | Reached XP level 5. HP: 44/45 MP: 4/4
  2017 | D:3      | Found Kext's Antique Weapon Shop.
  2234 | D:3      | Found a broken altar of Ashenzari.
  2387 | D:3      | Identified the +8 whip of Bodily Humours {elec, rC++ Will-
                  | Int+3}
  2885 | D:4      | Gained mutation: You are hated by all. [Ru sacrifice]
  2885 | D:4      | Reached * piety under Ru
  2886 | D:4      | Found a runed translucent gate.
  2887 | D:4      | Found a runed translucent gate.
  2888 | D:4      | Found a runed translucent gate.
  2934 | D:4      | Noticed Saladfork's ghost (amateur MeFi)
  2950 | D:4      | Found a shadowy altar of Dithmenos.
  2950 | D:4      | Found a stormy altar of Qazlal.
  3012 | D:4      | Noticed Sigmund
  3016 | D:4      | Killed Sigmund
  3017 | D:4      | Reached XP level 6. HP: 51/51 MP: 5/5
  3039 | D:4      | Found Jiompuv's Antique Weapon Emporium.
  3070 | D:4      | Noticed Ijyb
  3091 | D:4      | Killed Ijyb
  3710 | D:5      | Entered Level 5 of the Dungeon
  3710 | D:5      | Noticed a water moccasin
  3710 | D:5      | Found a staircase to the Ecumenical Temple.
  3718 | D:5      | Killed a water moccasin
  3719 | D:5      | Reached XP level 7. HP: 50/57 MP: 6/6
  3920 | D:5      | Reached skill level 10 in Maces & Flails
  4122 | D:5      | Found a radiant altar of Vehumet.
  4270 | D:5      | Gained mutation: You take slightly more damage. (AC -5) [Ru
                  | sacrifice]
  4270 | D:5      | Reached ** piety under Ru
  4455 | D:6      | Reached XP level 8. HP: 64/64 MP: 7/7
  4619 | D:6      | Reached skill level 1 in Dodging
  5191 | D:7      | Reached skill level 5 in Fighting
  5191 | D:7      | Reached skill level 5 in Armour
  5191 | D:7      | Reached skill level 5 in Shields
  5257 | D:7      | Reached XP level 9. HP: 47/74 MP: 8/8
  5371 | D:7      | Found a flagged portal.
  5403 | Bailey   | Entered a bailey
  5577 | Bailey   | Identified the +1 robe of Ignis's Approval {rPois}
  5643 | Bailey   | Reached skill level 5 in Dodging
  5643 | Bailey   | Noticed an orc knight
  5644 | Bailey   | Found an iron altar of Okawaru.
  5658 | Bailey   | Killed an orc knight
  5961 | D:7      | Found a large runed translucent door.
  5961 | D:7      | Found a large runed translucent door.
  5962 | D:7      | Found a large runed translucent door.
  5964 | D:7      | Found a large runed translucent door.
  6157 | D:7      | Gained mutation: You cannot study or cast Earth magic. [Ru
                  | sacrifice]
  6157 | D:7      | Gained mutation: You cannot study or cast Hexes magic. [Ru
                  | sacrifice]
  6157 | D:7      | Gained mutation: You cannot study or cast Translocations
                  | magic. [Ru sacrifice]
  6157 | D:7      | Reached *** piety under Ru
  6169 | D:7      | Found a sparkling altar of Nemelex Xobeh.
  6402 | D:7      | Reached XP level 10. HP: 88/88 MP: 9/9
  6821 | D:8      | Found a runed translucent gate.
  6821 | D:8      | Found a runed translucent gate.
  6823 | D:8      | Noticed a purple ugly thing
  6823 | D:8      | Noticed a green ugly thing
  6823 | D:8      | Noticed a red ugly thing
  6824 | D:8      | Found a runed translucent gate.
  6824 | D:8      | Noticed a cyan ugly thing
  6824 | D:8      | Noticed a purple ugly thing
  6825 | D:8      | Noticed a glowing orange brain
  6963 | D:8      | Identified the +5 hand axe of the Modern Planets {drain,
                  | rPois Str+3}
  7200 | D:8      | Found a staircase to the Lair.
  7595 | D:9      | Noticed Erica
  7627 | D:9      | Killed Erica
  7641 | D:9      | Reached skill level 10 in Fighting
  7645 | D:9      | Gained mutation: You cannot be stealthy. [Ru sacrifice]
  7645 | D:9      | Reached **** piety under Ru
  7962 | D:9      | Reached skill level 10 in Armour
  7985 | D:9      | Noticed a two-headed ogre
  7989 | D:9      | Killed a two-headed ogre
  7990 | D:9      | Reached XP level 11. HP: 100/100 MP: 2/10
  8470 | D:10     | Entered Level 10 of the Dungeon
  8816 | D:10     | Noticed Nergalle
  8825 | D:10     | Killed Nergalle
  8993 | D:10     | Noticed Sonja
  8997 | D:10     | Killed Sonja
  9246 | D:10     | Noticed Psyche
  9251 | D:10     | Killed Psyche
  9340 | D:10     | Found a staircase to the Orcish Mines.
  9443 | D:10     | Noticed Urug
  9474 | D:10     | Killed Urug
 10261 | D:11     | Noticed a two-headed ogre
 10272 | D:11     | Killed a two-headed ogre
 10273 | D:11     | Reached skill level 10 in Dodging
 10506 | D:11     | Noticed a boulder beetle
 10531 | D:11     | Killed a boulder beetle
 10882 | D:11     | Reached XP level 12. HP: 112/112 MP: 11/11
 11146 | Lair:1   | Entered Level 1 of the Lair of Beasts
 12982 | Lair:2   | Noticed a catoblepas
 13003 | Lair:2   | Killed a catoblepas
 13135 | Lair:2   | Noticed a catoblepas
 13152 | Lair:2   | Killed a catoblepas
 13668 | Lair:3   | Found a staircase to the Snake Pit.
 13920 | Lair:3   | Found a staircase to the Shoals.
 14051 | Lair:3   | Identified the +0 ring mail of Zuicuh {+Inv Will+ Slay+3}
 14107 | Lair:3   | Reached XP level 13. HP: 124/124 MP: 12/12
 15137 | Lair:4   | Gained mutation: You are sensitive to extremes of
                  | temperature. (rF-, rC-) [Ru sacrifice]
 15137 | Lair:4   | Reached ***** piety under Ru
 15137 | Lair:4   | Reached ****** piety under Ru
 15212 | Lair:4   | Noticed a quicksilver ooze
 15220 | Lair:4   | Killed a quicksilver ooze
 15366 | Lair:4   | Identified the +7 orcbow of Xashrar {antimagic, rF++ rC-
                  | Int+2 Dex+8}
 15498 | Lair:4   | Reached skill level 15 in Fighting
 15892 | Lair:5   | Entered Level 5 of the Lair of Beasts
 16071 | Lair:5   | Reached skill level 15 in Armour
 16571 | Lair:5   | Reached XP level 14. HP: 136/136 MP: 13/13
 16989 | Lair:5   | Found a staircase to the Slime Pits.
 17253 | Orc:1    | Entered Level 1 of the Orcish Mines
 17323 | Orc:2    | Entered Level 2 of the Orcish Mines
 17323 | Orc:2    | Found a staircase to the Elven Halls.
 17380 | Orc:2    | Noticed Jorgrun
 17410 | Orc:2    | Killed Jorgrun
 17829 | Orc:2    | Found Kydghiedi's Assorted Antiques.
 17829 | Orc:2    | Found Giahusof's General Store.
 17830 | Orc:2    | Found Zayd's Distillery.
 17830 | Orc:2    | Found Defall's Book Emporium.
 17848 | Orc:2    | Reached skill level 15 in Dodging
 17863 | Orc:2    | Bought 2 potions of heal wounds for 160 gold pieces
 17863 | Orc:2    | Bought a potion of heal wounds for 80 gold pieces
 17866 | Orc:2    | Bought a scroll labelled QOIT URUETU for 36 gold pieces
 17866 | Orc:2    | Bought a golden potion for 32 gold pieces
 17887 | Orc:2    | Noticed an orc warlord
 17889 | Orc:2    | Noticed Azrael
 17901 | Orc:2    | Killed an orc warlord
 17903 | Orc:2    | Noticed Donald
 17910 | Orc:2    | Killed Azrael
 18097 | Orc:2    | HP: 4/111 [Donald/+3 broad axe of draining (42)]
 18097 | Orc:2    | Demolished by Donald

Illustrated notes

Levels and vault maps discovered:
D:1:      eino_arrival_druids_welcome, layout_basic
D:2:      layout_basic, serial_shops, shop, basic_altar, minmay_splitting_lines,
          minmay_hexomino_r4, uniq_crazy_yiuf_cottage
D:3:      minmay_skewed_foursquare, layout_loops_ring, ashenzari_altar_1,
          serial_shops, nicolae_shop_advertising_works
          [nicolae_subvault_shop_adworks], minivault_23, eino_tiny_chamber,
          kennysheep_decorative_pillar
D:4:      layout_gridville, chequers_temple_overflow_statue_of_worship,
          gammafunk_ghost_icy, serial_shops, nicolae_shop_gibbet_a_chance,
          uniq_sigmund, uniq_ijyb
D:5:      layout_cave_pools, mainiacjoe_overflow_24_doors, temple_statues
D:6:      layout_cave_pools
D:7:      layout_rooms, nemelex_spade_bored_becter, enter_bailey_2,
          minmay_hollow_rounded_squares
D:8:      layout_rooms, lemuel_coloured_pillars_altar, lair_entry_dummy,
          ploomutoo_gammafunk_ghost_potion_laboratory, bh_walls_and_bars
D:9:      layout_roguey, roderic_roman_lattice, uniq_erica
D:10:     layout_loops_corners, orc_0_dummy, serial_co_window_serial,
          co_window_corner_a, co_window_of_opportunity_a, co_window_paths_b,
          co_window_of_opportunity_a, co_window_paths_b, co_window_paths_b,
          co_window_paths_a, co_window_corner_cb, co_window_unsneaky_path_c,
          co_window_unsneaky_path_a, co_window_paths_d,
          chequers_serial_rivers_small_3, minmay_misc_feat_five,
          kennysheep_dice, uniq_nergalle, uniq_psyche, uniq_sonja, uniq_urug
D:11:     layout_irregular_city, serial_undead, serial_undead_d,
          serial_undead_f, serial_undead_c, serial_undead_e
D:12:     minmay_razor_zed, layout_long_grid,
          nicolae_dithmenos_through_a_glass_darkly
Lair:1:   layout_roguey, nicolae_quartered_pool_medium, serial_bayou_shore_a
Lair:2:   layout_cave_pods, grunt_megastairs_5, lemuel_fruit_tree
Lair:3:   layout_roguey, minmay_shoals_entry_beasts,
          minmay_snake_entry_guardpost_small
Lair:4:   layout_long_grid, nicolae_lair_time_for_slime
Lair:5:   hangedman_lair_caniforms_friends, layout_cave_shapes, wormcave,
          minmay_slime_entry_eyes, ldierk_geyser
Orc:1:    layout_diamond_mine
Orc:2:    st_orc_ogre_mass, layout_caves, uniq_donald, uniq_jorgrun, uniq_azrael

Skill      XL: |  1  2  3  4  5  6  7  8  9 10 11 12 13 14 |
---------------+-------------------------------------------+-----
Maces & Flails | 3 4 5 6 8 9 11 12 | 12.0
Armour         | 5 7 10 12 14 15 17 | 17.0
Dodging        | 3 6 8 10 12 14 15 | 15.3
Fighting       | 5 7 10 12 14 15 17 | 17.2
Shields        | 5 |  5.0

Action                     |  1- 3 |  4- 6 |  7- 9 | 10-12 | 13-15 || total
---------------------------+-------+-------+-------+-------+-------++-------
  Melee: Flail             |    58 |    50 |       |       |       ||   108
         Headbutt          |     5 |     8 |    40 |   132 |   163 ||   348
         Whip              |       |    37 |   254 |   590 |   637 ||  1518
 Invoke: Sacrifice Love    |       |     1 |       |       |       ||     1
         Sacrifice Health  |       |       |     1 |       |       ||     1
         Sacrifice Arcana  |       |       |     1 |       |       ||     1
         Power Leap        |       |       |       |    11 |     6 ||    17
         Draw Out Power    |       |       |       |     3 |       ||     3
         Sacrifice Stealth |       |       |       |     1 |       ||     1
         Reject Sacrifices |       |       |       |     2 |       ||     2
         Apocalypse        |       |       |       |       |     3 ||     3
         Sacrifice Resista |       |       |       |       |     1 ||     1
  Evoke: Wand              |       |       |       |     1 |       ||     1
    Use: Scroll            |       |     9 |     5 |     8 |     4 ||    26
         Potion            |       |       |     3 |     1 |     3 ||     7
   Stab: Invisible         |       |       |     1 |     1 |     5 ||     7
         Distracted        |       |       |       |     1 |     2 ||     3
         Paralysed         |       |       |       |       |     3 ||     3
 Armour: Scale mail        |    28 |    33 |    16 |       |       ||    77
         Chain mail        |       |       |    96 |   255 |   252 ||   603
  Dodge: Dodged            |    30 |    40 |    62 |   168 |   205 ||   505
  Block: Buckler           |     9 |    11 |    32 |    74 |    90 ||   216

Table legend: (Time is in decaauts)
 A = Elapsed time spent in this place.
 B = Non-inter-level travel time spent in this place.
 C = Inter-level travel time spent in this place.
 D = Time resting spent in this place.
 E = Time spent auto-exploring this place.
 F = Levels seen in this place.
 G = Mean time per level.
                   A        B        C        D        E       F      G
               +--------+--------+--------+--------+--------+-----+--------+
         Total |  17466 |  16667 |    799 |   2332 |  11695 |  20 |  873.3 |
       Dungeon |  10494 |   9936 |    558 |    870 |   7700 |  12 |  874.5 |
          Lair |   5729 |   5500 |    229 |   1029 |   3587 |   5 | 1145.8 |
  Orcish Mines |    767 |    756 |     11 |    149 |    325 |   2 |  383.5 |
        Bailey |    475 |    475 |      0 |    283 |     82 |   1 |  475.0 |
               +--------+--------+--------+--------+--------+-----+--------+

Top non-repeatable levels by time:
    D:10: 1513 daAuts
  Lair:2: 1346 daAuts
  Lair:1: 1307 daAuts
     D:2: 1186 daAuts
  Lair:3: 1161 daAuts
    D:11: 1099 daAuts
  Lair:5: 1071 daAuts
     D:9: 1051 daAuts
     D:7: 1008 daAuts
     D:3: 932 daAuts
  Lair:4: 843 daAuts
     D:4: 830 daAuts
     D:1: 769 daAuts
     D:8: 738 daAuts
     D:5: 700 daAuts
